 Dungeon Sprint DCSS version 0.30-a0-956-gcec3b41aec (webtiles) character file.

Game seed: 11425949535383627374

760 dialectric the Imperceptible (level 7, -7/38 HPs)
             Began as a Spriggan Brigand on Mar 29, 2023.
             Mangled by a boulder beetle (8 damage)
             ... in the Dungeon (Sprint II: "The Violet Keep of Menkaure").
             The game lasted 00:00:43 (57 turns).

dialectric the Imperceptible (Spriggan Brigand)       Turns: 57, Time: 00:00:44

Health: -7/38      AC:  3    Str:  7    XL:     7   Next: 51%
Magic:  8/8        EV: 18    Int: 12    God:
Gold:   486        SH:  0    Dex: 19    Spells: 6/6 levels left

rFire   . . .      SeeInvis +    a - +2 dagger
rCold   . . .      Faith    .    (no shield)
rNeg    . . .      Spirit   .    b - +0 robe
rPois   .          Reflect  .    (helmet restricted)
rElec   .          Rampage  .    c - +0 cloak
rCorr   .          NoTele   +    (gloves unavailable)
Will    +....                    (boots unavailable)
Stlth   ++++++++                 (no amulet)
HPRegen 0.26/turn                (no ring)
MPRegen 0.11/turn                (no ring)

@: on berserk cooldown, very quick
A: very small, no large weapons, unfitting armour, see invisible, speed 3
a: no special abilities


You were in the Dungeon.
You visited 1 branch You collected 486 gold pieces.

Inventory:

Hand Weapons
 a - a +2 dagger (weapon)
Missiles
 d - 5 poisoned darts (quivered)
 e - 3 curare-tipped darts
Armour
 b - a +0 robe (worn)
 c - a +0 cloak (worn)
Scrolls
 k - a scroll of blinking
Potions
 f - a potion of curing
 g - a potion of heal wounds
 h - a potion of haste
 i - 2 potions of magic


   Skills:
 + Level 4.3 Fighting
 + Level 6.0 Short Blades
 - Level 5.8 Throwing
 + Level 3.0 Dodging
 + Level 21.0 Stealth


You had 6 spell levels left.
You didn't know any spells.
Your spell library was empty.

Dungeon Overview and Level Annotations

Branches:
Dungeon (1/1)

Altars:

Annotations:
D Roxanne


Innate Abilities, Weirdness & Mutations

You are very small and have problems with some larger weapons.
You are too small for most types of armour.
You have supernaturally acute eyesight. (SInv)
You cover ground extremely quickly. (Speed+++)


Message History

Your Stealth skill gained 2 levels and is now at level 20!
You have reached level 7!
You now have 486 gold pieces (gained 243).
Unknown command.
There is an open door here.
You open the door.
A neqoxec comes into view.
There is an open door here.
The helpless neqoxec fails to defend itself.
You spit the neqoxec like a pig!!!!
You kill the neqoxec!
Your Short Blades skill increases to level 6!
Your Dodging skill increases to level 3!
Your Stealth skill increases to level 21!
Unknown command.
There is an open door here.
You open the door. 2 boulder beetles come into view.
Found 243 gold pieces.
There is an open door here.
The boulder beetle bites you!!
Ouch! That really hurt!
You hit the boulder beetle.
The boulder beetle is lightly wounded.
The boulder beetle completely misses you.
Unknown command.
There is an open door here.
Unknown command.
You see here 243 gold pieces.
You hit the boulder beetle.
The boulder beetle is lightly wounded.
The boulder beetle misses you.
Unknown command.
You hit the boulder beetle but do no damage.
The boulder beetle is lightly wounded.
You feel yourself speed up. The boulder beetle bites you!
* * * LOW HITPOINT WARNING * * *
The boulder beetle closely misses you. The boulder beetle bites you!
You die...

##.# ##
#.###.#
####.#.#
##.###'##
#...##.###
+.#)'.<.'##
#...##.##.#
##.###B###.#
####.#@# ##
#..#B.#
##.#.##
##+##


You could see 2 boulder beetles.

Vanquished Creatures
  A merfolk siren (D)
  2 wyverns (D)
  A neqoxec (D)
4 creatures vanquished.

Notes
Turn   | Place    | Note
-------+----------+-------------------------------------------
     0 | D        | dialectric the Spriggan Brigand began the quest for the
                  | Orb.
     0 | D        | Reached XP level 1. HP: 10/10 MP: 2/2
     1 | D        | Noticed a merfolk siren
    15 | D        | Killed a merfolk siren
    16 | D        | Reached skill level 5 in Throwing
    16 | D        | Reached skill level 17 in Stealth
    16 | D        | Reached XP level 2. HP: 16/16 MP: 3/3
    16 | D        | Reached XP level 3. HP: 20/20 MP: 4/4
    16 | D        | Reached XP level 4. HP: 24/24 MP: 5/5
    16 | D        | Reached XP level 5. HP: 28/28 MP: 6/6
    16 | D        | Reached XP level 6. HP: 32/32 MP: 7/7
    26 | D        | Noticed a wyvern
    26 | D        | Noticed a wyvern
    29 | D        | Killed a wyvern
    30 | D        | Reached skill level 5 in Short Blades
    30 | D        | Reached skill level 18 in Stealth
    32 | D        | Identified Roxanne's Handbook of the Figure
    32 | D        | Noticed Roxanne
    32 | D        | Noticed a water moccasin
    38 | D        | Killed a wyvern
    39 | D        | Reached skill level 20 in Stealth
    39 | D        | Reached XP level 7. HP: 37/37 MP: 8/8
    43 | D        | Noticed a neqoxec
    46 | D        | Killed a neqoxec
    47 | D        | Reached skill level 21 in Stealth
    50 | D        | Noticed a boulder beetle
    50 | D        | Noticed a boulder beetle
    57 | D        | HP: 1/38 [boulder beetle (16)]
    57 | D        | Mangled by a boulder beetle

Illustrated notes

Levels and vault maps discovered:
D:        the_violet_keep_of_menkaure [sprint2_stairs_cluster_1,
          sprint2_shoproom, sprint2_temple, sprint2_basic_supplies,
          sprint2_obstacle_5, sprint2_obstacle_2, sprint2_obstacle_6,
          sprint2_obstacle_1, sprint2_obstacle_3, sprint2_timed_cluster_1,
          sprint2_smallroom_cluster_1, sprint2_smallroom_final_cluster_1,
          sprint2_transparent_cluster_1, sprint2_second_timed_cluster_1,
          sprint2_sniper_area_1, sprint2_heavy_combat_area_1,
          sprint2_mutation_trap_area_1, sprint2_forest_area_1,
          sprint2_light_combat_area_1, sprint2_behind_water_1,
          sprint2_near_end_vault_1]

Skill      XL: |  1  2  3  4  5  6  7 |
---------------+----------------------+-----
Fighting       | 3 4 |  4.3
Short Blades   | 4 5 6 |  6.0
Throwing       | 5 |  5.8
Dodging        | 2 3 |  3.0
Stealth        | 17 20 21 | 21.0

Action                     |  1- 3 |  4- 6 |  7- 9 || total
---------------------------+-------+-------+-------++-------
  Melee: Dagger            |     3 |     2 |     4 ||     9
  Throw: Dart              |     8 |       |       ||     8
    Use: Potion            |     1 |       |       ||     1
   Stab: Sleeping          |       |     2 |     1 ||     3
  Dodge: Dodged            |     1 |       |     3 ||     4

Table legend: (Time is in decaauts)
 A = Elapsed time spent in this place.
 B = Non-inter-level travel time spent in this place.
 C = Inter-level travel time spent in this place.
 D = Time resting spent in this place.
 E = Time spent auto-exploring this place.
 F = Levels seen in this place.
 G = Mean time per level.
                   A        B        C        D        E       F      G
               +--------+--------+--------+--------+--------+-----+--------+
         Total |     51 |     51 |      0 |      0 |      0 |   1 |   51.0 |
       Dungeon |     51 |     51 |      0 |      0 |      0 |   1 |   51.0 |
               +--------+--------+--------+--------+--------+-----+--------+

Top non-repeatable levels by time:
       D: 51 daAuts
